[Event "Titled Tuesday Blitz August 1 Late 2023"]
[White "Musovic, Armin"]
[Black "Vega Gutierrez, Sabrina"]
[WhiteFideId "939935"]
[BlackFideId "2219026"]
[WhiteElo "2567"]
[BlackElo "2434"]
[Result "0-1"]
[Round "6"]
[TimeControl "180+1"]
[Date "2023.08.01"]
[WhiteClock "0:00:12"]
[BlackClock "0:00:03"]
[Board "64"]

1. a3 e5 2. d4 exd4 3. Qxd4 Nc6 4. Qa4 Nf6 5. Nc3 Be7 6. Bg5 h6 7. Bh4 O-O 8. O-O-O d6 9. e3 a6 10. Nf3 Bd7 11. Bd3 b5 12. Qf4 b4 13. Bxf6 Bxf6 14. Nd5 Be5 15. Nxe5 dxe5 16. Qe4 f5 17. Qc4 Be6 18. Qxc6 Qxd5 19. Qxd5 Bxd5 20. Bxf5 Bxg2 21. Rhg1 Bc6 22. e4 bxa3 23. bxa3 Rab8 24. Rd3 Rf6 25. Rg6 Rxg6 26. Bxg6 Rf8 27. Bf5 Rf6 28. Rd8+ Rf8 29. Rd3 Rf6 30. h4 g6 31. Bc8 Rxf2 32. Bxa6 Bxe4 33. Rc3 Rf3 34. Rxc7 Rxa3 35. Bc4+ Kh8 36. Kb2 Rh3 37. Re7 Rxh4 38. Bb3 Bf5 39. Rxe5 Rh2 40. Kc3 h5 41. Rc5 h4 42. Kd4 h3 43. Ke5 Re2+ 44. Kf6 Kh7 45. Rc7+ Kh6 46. c4 h2 47. c5 h1=Q 48. Bg8 Qa1+ 49. Kf7 Qg7# 0-1


[Site "https://www.chess.com"]

[Event "Titled Tuesday Blitz August 1 Late 2023"]
[White "Kazakov, Mikhail"]
[Black "Geivondian, Arman"]
[WhiteFideId "14102749"]
[BlackFideId "24102032"]
[WhiteElo "2429"]
[BlackElo "2563"]
[Result "1-0"]
[Round "6"]
[TimeControl "180+1"]
[Date "2023.08.01"]
[WhiteClock "0:00:17"]
[BlackClock "0:01:02"]
[Board "65"]

1. d4 Nf6 2. c4 e6 3. Nc3 Bb4 4. Bd2 O-O 5. a3 Be7 6. e4 d6 7. Nf3 Nbd7 8. Bd3 e5 9. O-O c6 10. Re1 exd4 11. Nxd4 Qc7 12. Nf5 Re8 13. Nxe7+ Rxe7 14. Bc2 Ne5 15. b3 Bg4 16. f3 Bh5 17. Bg5 Re6 18. h3 h6 19. Bh4 g5 20. Bg3 Rae8 21. Rf1 Ng6 22. Qd2 Qe7 23. Rad1 Ne5 24. Ne2 Bg6 25. Nd4 Qc7 26. Nxe6 Rxe6 27. Bxe5 dxe5 28. Qd8+ Qxd8 29. Rxd8+ Kg7 30. c5 Re7 31. Rfd1 h5 32. b4 a6 33. g3 h4 34. g4 Bh7 35. Bb3 Rc7 36. Rb8 Nd7 37. Ra8 Nf6 38. Rdd8 Bg6 39. Kf2 Bh7 40. Ke3 Bg6 41. Bc4 Re7 42. a4 Bh7 43. Rac8 Bg6 44. b5 axb5 45. axb5 cxb5 46. Bxb5 Bh7 47. Rd6 Bg6 48. Rb6 Bh7 49. Kd3 Nd7 50. Bxd7 Rxd7+ 51. Rd6 Re7 52. Kc4 f6 53. Rcd8 Bg8+ 54. Kb5 Be6 55. Kb6 Kf7 56. Rb8 Kg6 57. Rxb7 Re8 58. c6 Bc4 59. c7 Rc8 60. Rb8 Rxc7 61. Kxc7 Be2 62. Rf8 Bf1 63. Rfxf6+ Kg7 64. Rg6+ Kf7 65. Rh6 Bxh3 66. Rh7+ Kg8 67. Re7 Kf8 68. Kd7 Bf1 69. Rh6 Bb5+ 70. Ke6 Bc4+ 71. Kf6 Bg8 72. Rh8 h3 73. Rf7+ Ke8 74. Rxg8# 1-0


[Site "https://www.chess.com"]

[Event "Titled Tuesday Blitz August 1 Late 2023"]
[White "Kielinkei"]
[Black "Leebit02"]
[WhiteElo "2425"]
[BlackElo "2562"]
[Result "0-1"]
[Round "6"]
[TimeControl "180+1"]
[Date "2023.08.01"]
[WhiteClock "0:00:00"]
[BlackClock "0:00:19"]
[Board "66"]

1. d4 Nf6 2. c4 e6 3. g3 d5 4. Bg2 dxc4 5. Nf3 Nc6 6. O-O Rb8 7. a4 b6 8. Na3 Bxa3 9. Rxa3 O-O 10. Qc2 Ba6 11. Rd1 h6 12. b3 Nb4 13. Qd2 c3 14. Qxc3 Bxe2 15. Re1 Nbd5 16. Qc2 Ba6 17. Bd2 Qd6 18. Raa1 Rbc8 19. Ne5 c5 20. dxc5 Rxc5 21. Qb2 Rfc8 22. Rac1 Bb7 23. Nc4 Qc7 24. Red1 a6 25. Bf1 Ne4 26. b4 Rc6 27. Ne5 Nxd2 28. Nxc6 Nf3+ 29. Kg2 Bxc6 30. Kxf3 Nc3+ 31. Ke3 Nxd1+ 32. Rxd1 Bxa4 33. Rd2 a5 34. f4 Qc3+ 35. Qxc3 Rxc3+ 36. Kd4 Rc1 37. Bg2 axb4 38. Rb2 b3 39. Be4 b5 40. Bd3 Rd1 41. h4 Kf8 42. Kc3 Ke7 43. Be2 Rc1+ 44. Kd2 Rc2+ 45. Rxc2 bxc2 46. g4 Kd6 47. g5 hxg5 48. fxg5 Ke5 49. Bd3 Kf4 0-1


[Site "https://www.chess.com"]

[Event "Titled Tuesday Blitz August 1 Late 2023"]
[White "Pesotskiy, Mikhail"]
[Black "Ambartsumova, Karina"]
[WhiteFideId "34164453"]
[BlackFideId "4166299"]
[WhiteElo "2413"]
[BlackElo "2559"]
[Result "1-0"]
[Round "6"]
[TimeControl "180+1"]
[Date "2023.08.01"]
[WhiteClock "0:00:15"]
[BlackClock "0:00:00"]
[Board "67"]

1. d4 d6 2. c4 e5 3. d5 f5 4. e4 Nf6 5. Nc3 Be7 6. exf5 Bxf5 7. Bd3 Qd7 8. Nge2 O-O 9. Ng3 Bxd3 10. Qxd3 Na6 11. O-O Nc5 12. Qc2 a5 13. b3 Rae8 14. f3 Rf7 15. Be3 Na6 16. a3 c6 17. Rfd1 cxd5 18. Nxd5 Nxd5 19. Rxd5 Nc7 20. Rxa5 Qc6 21. Qd3 Rd8 22. Rd1 Bf8 23. Ne4 Rfd7 24. Nc3 Ne6 25. Rd5 g6 26. Ne4 Be7 27. c5 Nc7 28. cxd6 Nxd5 29. Qxd5+ Qxd5 30. Rxd5 Rxd6 31. Nxd6 Rxd6 32. Rxd6 Bxd6 33. a4 Kf7 34. Kf2 Ke6 35. Ke2 Kd5 36. Kd3 Bb4 37. h3 Be7 38. Bd2 Bd6 39. Bc3 Bc7 40. Bd2 Bb6 41. Be3 Bc7 42. b4 Bd6 43. b5 Bb4 44. Bf2 Ba5 45. Be3 Bb4 46. Bb6 Be1 47. a5 Bb4 48. a6 bxa6 49. bxa6 Kc6 50. a7 Kb7 51. Ke4 Bc3 52. Be3 Bb2 53. Kd5 Bc3 54. g4 Bb2 55. h4 Bc3 56. Ke6 Bd4 57. Bg5 Kxa7 58. Bf6 Kb6 59. Bxe5 Be3 60. Kf7 Kc6 61. Kg7 Kd5 62. Bg3 h5 63. Kxg6 hxg4 64. fxg4 Ke6 65. h5 Ke7 66. g5 Kf8 67. h6 Bd4 68. Bd6+ Kg8 69. Be7 Kh8 70. Bf6+ Bxf6 71. gxf6 1-0


[Site "https://www.chess.com"]

[Event "Titled Tuesday Blitz August 1 Late 2023"]
[White "Karwowski, Kacper"]
[Black "Mike24147"]
[WhiteFideId "1126032"]
[WhiteElo "2558"]
[BlackElo "2396"]
[Result "1-0"]
[Round "6"]
[TimeControl "180+1"]
[Date "2023.08.01"]
[WhiteClock "0:00:20"]
[BlackClock "0:00:03"]
[Board "68"]

1. e4 c5 2. Nf3 e6 3. c3 Nf6 4. e5 Nd5 5. d4 cxd4 6. cxd4 b6 7. g3 Be7 8. Bg2 O-O 9. O-O Bb7 10. Nbd2 d6 11. Re1 Nc6 12. Ne4 dxe5 13. dxe5 Ndb4 14. Bf4 Nd3 15. Re2 Nxf4 16. gxf4 Qxd1+ 17. Rxd1 Rfd8 18. Red2 Kf8 19. Rxd8+ Rxd8 20. Rxd8+ Nxd8 21. Nd4 a6 22. Nc3 Bxg2 23. Kxg2 Bc5 24. Nb3 Bb4 25. Na4 b5 26. Nac5 a5 27. Nd3 Nc6 28. Nxb4 Nxb4 29. Nxa5 Nxa2 30. Kf3 Ke7 31. Nc6+ Kd7 32. Nd4 b4 33. Ke4 Kc7 34. Kd3 Kb6 35. Nb3 Kb5 36. Kd4 g6 37. Kd3 h5 38. h4 Kb6 39. Kc4 Kc6 40. Nd4+ Kb6 41. Ne2 Kc6 42. Kb3 Kd5 43. Kxa2 Ke4 44. Kb3 Kf3 45. Nd4+ Kxf4 46. Kxb4 Kg4 47. Kc5 Kxh4 48. b4 Kg4 49. b5 h4 50. b6 h3 51. Ne2 Kf3 52. b7 h2 53. b8=Q h1=Q 54. Qa8+ Kxe2 55. Qxh1 Kxf2 56. Qh7 g5 57. Qxf7+ Kg3 58. Qxe6 g4 59. Qf6 Kh3 60. e6 g3 61. Qh6+ 1-0


[Site "https://www.chess.com"]

[Event "Titled Tuesday Blitz August 1 Late 2023"]
[White "Vifleemskaia, Svetlana"]
[Black "Shapiro, Viktor"]
[WhiteFideId "4129490"]
[BlackFideId "4175700"]
[WhiteElo "2388"]
[BlackElo "2556"]
[Result "0-1"]
[Round "6"]
[TimeControl "180+1"]
[Date "2023.08.01"]
[WhiteClock "0:00:39"]
[BlackClock "0:00:59"]
[Board "69"]

1. d4 Nf6 2. c4 e6 3. Nc3 Bb4 4. e3 b6 5. Ne2 Bb7 6. a3 Be7 7. d5 O-O 8. g3 d6 9. Bg2 Nbd7 10. O-O e5 11. b4 a5 12. Bd2 g6 13. e4 Nh5 14. Bf3 Ng7 15. Bg2 f5 16. f4 axb4 17. axb4 Rxa1 18. Qxa1 Bf6 19. Qa7 Qa8 20. Ra1 exf4 21. Qxa8 Rxa8 22. Rxa8+ Bxa8 23. Bxf4 Ne5 24. Bxe5 dxe5 25. c5 Be7 26. d6 cxd6 27. cxb6 Bd8 28. Na4 Bc6 29. b5 Bxb5 30. Nec3 Bxa4 31. Nxa4 f4 32. Bh3 Ne8 33. b7 Bc7 34. Nb6 Bxb6+ 0-1


[Site "https://www.chess.com"]

[Event "Titled Tuesday Blitz August 1 Late 2023"]
[White "Kochiev, Ivan"]
[Black "Spichkin, Alexander"]
[WhiteFideId "2917890"]
[BlackFideId "4144074"]
[WhiteElo "2554"]
[BlackElo "2376"]
[Result "1-0"]
[Round "6"]
[TimeControl "180+1"]
[Date "2023.08.01"]
[WhiteClock "0:02:26"]
[BlackClock "0:02:40"]
[Board "70"]

1. e4 e5 2. Nf3 d5 3. exd5 e4 4. Qe2 Nf6 5. d3 Bb4+ 6. c3 O-O 7. dxe4 Bc5 8. Bg5 c6 9. Bxf6 Qxf6 10. Nbd2 cxd5 11. exd5 Bf5 12. Ne4 Nd7 13. Nxf6+ Nxf6 14. O-O-O 1-0


[Site "https://www.chess.com"]

[Event "Titled Tuesday Blitz August 1 Late 2023"]
[White "Fuzesabonyilaci"]
[Black "Santos Flores, Alberto"]
[BlackFideId "3601234"]
[WhiteElo "2357"]
[BlackElo "2552"]
[Result "0-1"]
[Round "6"]
[TimeControl "180+1"]
[Date "2023.08.01"]
[WhiteClock "0:00:04"]
[BlackClock "0:00:10"]
[Board "71"]

1. d4 d5 2. Nf3 Nf6 3. g3 Bf5 4. Bg2 c6 5. O-O h6 6. b3 e6 7. c4 Be7 8. Nc3 Ne4 9. Bb2 Nxc3 10. Bxc3 Be4 11. Qd2 Nd7 12. a4 O-O 13. a5 b5 14. axb6 axb6 15. Rxa8 Qxa8 16. Ra1 Qb7 17. Qa2 Rb8 18. Qa7 Bf6 19. Ne5 Bxe5 20. dxe5 Bxg2 21. Kxg2 Nc5 22. b4 Ne4 23. Be1 Qxa7 24. Rxa7 dxc4 25. f3 Ng5 26. Rc7 b5 27. Rxc6 Nh7 28. Kf2 Nf8 29. Rc7 g5 30. Ke3 Ng6 31. Ke4 Rd8 32. Rc5 Rb8 33. Rc7 Kf8 34. Bf2 Ke8 35. Bc5 Rd8 36. Bd6 Rb8 37. Rc5 Rb7 38. Kd4 Kd7 39. e4 Ne7 40. Bxe7 Kxe7 41. Rc8 Rd7+ 42. Kc3 Rd3+ 43. Kc2 Rxf3 44. Rc7+ Kf8 45. Rb7 Rf2+ 46. Kc3 Rxh2 47. Rxb5 Rg2 48. Rb8+ Kg7 49. b5 Rxg3+ 50. Kxc4 Rg1 51. b6 Rb1 52. Kc5 h5 53. Rd8 h4 54. Rd4 Rxb6 55. Kxb6 g4 56. Rd1 Kh6 57. Kc6 Kg5 58. Kd7 h3 59. Ke7 g3 60. Kxf7 h2 61. Kxe6 g2 62. Kd7 g1=Q 63. Rxg1+ hxg1=Q 64. e6 Qd4+ 0-1


[Site "https://www.chess.com"]

[Event "Titled Tuesday Blitz August 1 Late 2023"]
[White "Crispin Ferreras, Darvi Abraham"]
[Black "Toropov, Pavel"]
[WhiteFideId "6402771"]
[BlackFideId "24129178"]
[WhiteElo "2353"]
[BlackElo "2551"]
[Result "0-1"]
[Round "6"]
[TimeControl "180+1"]
[Date "2023.08.01"]
[WhiteClock "0:01:12"]
[BlackClock "0:00:26"]
[Board "72"]

1. e4 e6 2. d4 d5 3. Nc3 dxe4 4. Nxe4 Nd7 5. Nf3 Ngf6 6. Bg5 Be7 7. Nxf6+ Nxf6 8. Bd3 O-O 9. Qe2 c5 10. dxc5 Qa5+ 11. c3 Qxc5 12. O-O Bd7 13. Bxf6 Bxf6 14. Bxh7+ Kxh7 15. Qd3+ Kg8 16. Qxd7 Rfd8 17. Qa4 b5 18. Qb3 a5 19. Rad1 a4 20. Qc2 a3 21. Rxd8+ Rxd8 22. bxa3 Qxc3 23. Qxc3 Bxc3 24. Rb1 e5 25. g3 e4 26. Ng5 f5 27. Rxb5 g6 28. Ne6 Rd2 29. a4 Rxa2 30. Rb7 Rxa4 31. Nf4 Ra6 32. h4 Be5 33. Nd5 Kf8 34. Ne7 Bd4 35. h5 gxh5 36. Nxf5 Bc5 37. Kg2 Ra2 38. Rh7 Rxf2+ 39. Kh3 Rxf5 0-1


[Site "https://www.chess.com"]

[Event "Titled Tuesday Blitz August 1 Late 2023"]
[White "Womacka, Mathias"]
[Black "Villarreal, Agustin"]
[WhiteFideId "4611390"]
[BlackFideId "125687"]
[WhiteElo "2548"]
[BlackElo "2353"]
[Result "1/2-1/2"]
[Round "6"]
[TimeControl "180+1"]
[Date "2023.08.01"]
[WhiteClock "0:00:09"]
[BlackClock "0:00:10"]
[Board "73"]

1. e4 e5 2. Nf3 Nc6 3. Bb5 a6 4. Bxc6 dxc6 5. O-O Bg4 6. h3 h5 7. d3 Qf6 8. Nbd2 Ne7 9. Re1 Ng6 10. d4 Bd6 11. hxg4 hxg4 12. Nh2 Rxh2 13. Qxg4 Rh4 14. Qf5 Rf4 15. Qxf6 Rxf6 16. Nf3 Re6 17. dxe5 Nxe5 18. Nd4 Rg6 19. Kf1 O-O-O 20. Bf4 Nd3 21. cxd3 Bxf4 22. Nf5 Kb8 23. Rad1 Rg5 24. g3 Bd6 25. Nxd6 cxd6 26. d4 Kc7 27. Ke2 Re8 28. Kd3 Rh5 29. Rh1 Reh8 30. Rxh5 Rxh5 31. Ke3 Kd7 32. b3 Ra5 33. a4 Rh5 34. b4 Ke6 35. Rb1 f5 36. b5 axb5 37. axb5 cxb5 38. d5+ Ke5 39. f4+ Kf6 40. Rxb5 Rh3 41. Rxb7 fxe4 42. Kxe4 Rxg3 43. Rd7 g5 44. Rxd6+ Ke7 45. Rg6 gxf4 46. Re6+ Kd7 47. Kxf4 Rd3 48. Ke4 Rd1 49. Rh6 Re1+ 50. Kd4 Rd1+ 51. Kc5 Rc1+ 52. Kd4 Rd1+ 53. Ke4 Re1+ 54. Kf5 Rf1+ 55. Ke5 Re1+ 56. Kd4 Rd1+ 1/2-1/2


[Site "https://www.chess.com"]

[Event "Titled Tuesday Blitz August 1 Late 2023"]
[White "Hajiyev, Kanan"]
[Black "Skytte, Rasmus"]
[WhiteFideId "13404148"]
[BlackFideId "1404210"]
[WhiteElo "2546"]
[BlackElo "2330"]
[Result "1/2-1/2"]
[Round "6"]
[TimeControl "180+1"]
[Date "2023.08.01"]
[WhiteClock "0:00:35"]
[BlackClock "0:00:18"]
[Board "74"]

1. d4 Nf6 2. Nf3 c5 3. c4 cxd4 4. Nxd4 e5 5. Nc2 d5 6. cxd5 Qxd5 7. Qxd5 Nxd5 8. e4 Nb4 9. Nxb4 Bxb4+ 10. Bd2 Nc6 11. Bb5 Bd7 12. Bxc6 Bxd2+ 13. Kxd2 Bxc6 14. Nc3 O-O-O+ 15. Ke3 Rd4 16. Rad1 Rhd8 17. f3 g6 18. h4 f5 19. exf5 gxf5 20. h5 b5 21. a3 a5 22. Kf2 Rd2+ 23. Kg3 Rg8+ 24. Kh4 Rdxg2 25. Nd5 Kb7 26. Ne7 R8g3 27. Nxc6 Kxc6 28. Rc1+ Kb6 29. Rhd1 Rg7 30. Rd6+ Kb7 31. Kh3 f4 32. Rg6 R7xg6 33. hxg6 Rg3+ 34. Kh4 hxg6 35. Rc5 Kb6 36. Rxe5 Rxf3 37. Re6+ Kc5 38. Rxg6 Rf2 39. Rg5+ Kc4 40. b3+ Kxb3 41. Rxb5+ Ka4 42. Rf5 Rf3 43. Kg4 Rxa3 44. Rxf4+ Kb3 45. Kf3 a4 46. Ke2 Kc2 47. Rc4+ Kb2 48. Kd2 Kb3 49. Rc3+ Kb4 50. Rxa3 Kxa3 51. Kc3 Ka2 52. Kc2 a3 53. Kc1 Ka1 54. Kc2 a2 55. Kc1 1/2-1/2


[Site "https://www.chess.com"]

[Event "Titled Tuesday Blitz August 1 Late 2023"]
[White "Mladek, Richard"]
[Black "Kula, Robert"]
[WhiteFideId "386588"]
[BlackFideId "1101218"]
[WhiteElo "2544"]
[BlackElo "2267"]
[Result "1-0"]
[Round "6"]
[TimeControl "180+1"]
[Date "2023.08.01"]
[WhiteClock "0:00:05"]
[BlackClock "0:00:00"]
[Board "75"]

1. Nf3 d5 2. g3 c5 3. Bg2 Nc6 4. d4 e6 5. O-O Nf6 6. c4 dxc4 7. Ne5 Nxe5 8. dxe5 Qxd1 9. Rxd1 Nd7 10. f4 Rb8 11. Nd2 Nb6 12. Ne4 Nd5 13. Nd6+ Bxd6 14. exd6 Nf6 15. e4 O-O 16. e5 Nd7 17. a4 b6 18. Be3 Bb7 19. Bxb7 Rxb7 20. Rdc1 f6 21. exf6 Nxf6 22. a5 Rd8 23. axb6 axb6 24. Rxc4 Rxd6 25. b4 Nd5 26. Bd2 Ne7 27. Ra2 Rbd7 28. Be1 Rd1 29. Kf2 cxb4 30. Rxb4 R7d5 31. Rxb6 Kf7 32. Ra7 Rd7 33. Rbb7 Rxb7 34. Rxb7 Kf6 35. Bc3+ e5 36. Rb6+ Kf7 37. Bxe5 Rd2+ 38. Kg1 Nd5 39. Rb7+ Ke6 40. Rxg7 Kf5 41. Ra7 Kg4 42. Ra3 h5 43. h3+ Kxh3 44. f5 1-0


[Site "https://www.chess.com"]

[Event "Titled Tuesday Blitz August 1 Late 2023"]
[White "Djordjevic, Dejan N"]
[Black "Moral Garcia, Serafin"]
[WhiteFideId "913316"]
[BlackFideId "2201925"]
[WhiteElo "2109"]
[BlackElo "2541"]
[Result "1/2-1/2"]
[Round "6"]
[TimeControl "180+1"]
[Date "2023.08.01"]
[WhiteClock "0:00:14"]
[BlackClock "0:00:29"]
[Board "76"]

1. e4 c5 2. Nc3 e6 3. g3 Nc6 4. Bg2 g6 5. Nge2 Bg7 6. O-O Nge7 7. h3 d5 8. d3 O-O 9. f4 f5 10. Kh2 Rb8 11. a4 a6 12. e5 d4 13. Na2 Nd5 14. c4 dxc3 15. bxc3 b5 16. axb5 axb5 17. d4 c4 18. Ba3 Rf7 19. Bd6 Ra8 20. Qb1 Qb6 21. Nb4 Rxa1 22. Qxa1 Ncxb4 23. cxb4 Ne3 24. Qa8 Qd8 25. Rf2 Nxg2 26. Qxg2 Bb7 27. Qf1 Bf8 28. Bxf8 Rxf8 29. Qd1 Qd7 30. Nc3 Ra8 31. Rd2 Bd5 32. Ra2 Qb7 33. Qa1 Rxa2+ 34. Qxa2 Bc6 35. Qa5 Kg7 36. h4 h6 37. Qd8 Qd7 38. Qf6+ Kh7 39. h5 gxh5 40. Qf8 Qg7 41. Qxg7+ Kxg7 42. Kh3 Kg6 43. Kh4 1/2-1/2


[Site "https://www.chess.com"]

[Event "Titled Tuesday Blitz August 1 Late 2023"]
[White "D`Arruda, Ricardo D."]
[Black "Fiorito, Joaquin"]
[WhiteFideId "100692"]
[BlackFideId "180173"]
[WhiteElo "2455"]
[BlackElo "2683"]
[Result "1-0"]
[Round "6"]
[TimeControl "180+1"]
[Date "2023.08.01"]
[WhiteClock "0:00:39"]
[BlackClock "0:00:00"]
[Board "77"]

1. d4 Nf6 2. Nf3 d5 3. c4 e6 4. e3 b6 5. Nc3 Bb7 6. Bd3 Bb4 7. O-O O-O 8. Qc2 Nbd7 9. a3 dxc4 10. Bxc4 Bd6 11. e4 e5 12. d5 a6 13. a4 Re8 14. Bg5 Nf8 15. Rfe1 Ng6 16. Rad1 h6 17. Bc1 Qe7 18. b3 Nh5 19. g3 Bc8 20. Bf1 Bg4 21. Bg2 Qd7 22. Rd3 Bh3 23. Bh1 b5 24. Nd2 Bc5 25. Nd1 Bb6 26. Ne3 Rf8 27. Ba3 Rfe8 28. Bc5 Bxc5 29. Qxc5 bxa4 30. bxa4 Qxa4 31. Qxc7 Rac8 32. Qd6 Red8 33. Qa3 Qd7 34. Qxa6 Ra8 35. Qc4 Rdc8 36. Qb3 Rcb8 37. Qc2 Rb4 38. Rc3 Qe7 39. Nf5 Qf6 40. Rc8+ Rxc8 41. Qxc8+ Kh7 42. Qc3 Rb8 43. Qf3 Qg5 44. Qe3 Nhf4 45. Nf3 Qf6 46. gxf4 exf4 47. Qd4 Ne5 48. Qxe5 Qg6+ 49. Ng3 fxg3 50. Qxg3 Qb6 51. Qxh3 Re8 52. Qg3 f5 53. e5 g5 54. d6 f4 55. Qg4 Qb4 56. Qf5+ Kg8 57. Bg2 Qc3 58. Qe4 g4 59. Nh4 f3 60. Bf1 h5 61. Qg6+ Kf8 62. Nf5 1-0


[Site "https://www.chess.com"]

[Event "Titled Tuesday Blitz August 1 Late 2023"]
[White "Fishbein, Alexander"]
[Black "CatLivesMatter"]
[WhiteFideId "2000377"]
[WhiteElo "2621"]
[BlackElo "2446"]
[Result "1-0"]
[Round "6"]
[TimeControl "180+1"]
[Date "2023.08.01"]
[WhiteClock "0:00:27"]
[BlackClock "0:00:13"]
[Board "78"]

1. c4 Nf6 2. d4 g6 3. Nc3 Bg7 4. e4 d6 5. Be2 O-O 6. Nf3 Na6 7. O-O e5 8. Re1 c6 9. Bf1 exd4 10. Nxd4 Ng4 11. h3 Qf6 12. hxg4 Qxd4 13. Be3 Qf6 14. g5 Qe5 15. Qd2 Rd8 16. Rad1 Bg4 17. f3 Be6 18. Bd4 Qg3 19. Bxg7 Kxg7 20. Qd4+ Qe5 21. f4 Qxd4+ 22. Rxd4 Nb4 23. Red1 Nc2 24. Rxd6 Rxd6 25. Rxd6 Ne3 26. b3 Kf8 27. Rd3 Nc2 28. Rd2 Nb4 29. a3 Na6 30. b4 Ke7 31. c5 Nc7 32. Kf2 a6 33. Ke3 Nb5 34. Nb1 Nc7 35. Be2 a5 36. g4 axb4 37. axb4 Ba2 38. Nc3 Ra3 39. Rxa2 Rxc3+ 40. Bd3 Rb3 41. Kd2 Rxb4 42. Kc3 Na6 43. Rxa6 Rxe4 44. Bxe4 bxa6 45. Bxc6 Kd8 46. Bd5 Ke7 47. Kb4 a5+ 48. Kxa5 h5 49. gxh6 f5 50. gxf5 gxf5 51. h7 Kf6 52. h8=Q+ Kg6 53. Qg8+ Kf6 54. Qg5# 1-0


[Site "https://www.chess.com"]

[Event "Titled Tuesday Blitz August 1 Late 2023"]
[White "vishwa_vijeta"]
[Black "Rama, Tejas"]
[BlackFideId "30907381"]
[WhiteElo "2564"]
[BlackElo "2436"]
[Result "1-0"]
[Round "6"]
[TimeControl "180+1"]
[Date "2023.08.01"]
[WhiteClock "0:01:50"]
[BlackClock "0:00:03"]
[Board "79"]

1. e4 c5 2. Nf3 d6 3. d4 cxd4 4. Nxd4 Nf6 5. Nc3 Nc6 6. Bg5 e6 7. Qd3 Be7 8. O-O-O O-O 9. Ndb5 Ne5 10. Qd2 d5 11. exd5 Nxd5 12. Bxe7 Qxe7 13. Nxd5 exd5 14. Re1 a6 15. Nc3 Qd6 16. Qxd5 Qh6+ 17. Kb1 Ng4 18. Bc4 Be6 19. Rxe6 fxe6 20. Qxe6+ Kh8 21. Qxg4 Rxf2 22. a3 Rd8 23. Rd1 Rxd1+ 24. Qxd1 Qh4 25. g3 Qe7 26. Qd5 Rf8 27. Ne4 b5 28. Bb3 h6 29. Nd6 Rf1+ 30. Ka2 Kh7 31. Qd3+ 1-0


[Site "https://www.chess.com"]

[Event "Titled Tuesday Blitz August 1 Late 2023"]
[White "FuenfgegenWilly"]
[Black "Golubev, Mikhail"]
[BlackFideId "14100983"]
[WhiteElo "2435"]
[BlackElo "2543"]
[Result "1/2-1/2"]
[Round "6"]
[TimeControl "180+1"]
[Date "2023.08.01"]
[WhiteClock "0:00:17"]
[BlackClock "0:00:07"]
[Board "80"]

1. e4 c5 2. Nc3 e6 3. g3 Nc6 4. Bg2 g6 5. d3 Bg7 6. Be3 d6 7. Qd2 Rb8 8. h4 h6 9. f4 Nf6 10. Bf3 Nd4 11. Bd1 b5 12. h5 b4 13. Nce2 Nxh5 14. Nxd4 cxd4 15. Bf2 e5 16. Bxh5 gxh5 17. Rxh5 Bg4 18. Rh2 Qc7 19. Rc1 a5 20. Ne2 h5 21. Kf1 f5 22. fxe5 dxe5 23. exf5 O-O 24. Kg1 Rxf5 25. Rf1 Rc8 26. Rc1 Rcf8 27. c3 Qf7 28. Rf1 Qxa2 29. cxd4 exd4 30. Nf4 Qf7 31. Re1 Be5 32. Rg2 Bxf4 33. gxf4 Rxf4 34. Re5 Kh7 35. Rxa5 Qf6 36. Ra7+ Rf7 37. Rxf7+ Qxf7 38. Qxb4 Qe6 39. Qe1 Qxe1+ 40. Bxe1 Rf3 41. Rd2 Re3 42. Bf2 Re2 43. Rxe2 Bxe2 44. Bxd4 Bxd3 45. b4 Bb5 46. Kh2 Ba6 47. Kg3 Bb5 48. Kf4 Ba6 49. Kg5 Be2 50. Bf2 1/2-1/2


[Site "https://www.chess.com"]

[Event "Titled Tuesday Blitz August 1 Late 2023"]
[White "Janaszak, Dawid"]
[Black "Arnold, Ken"]
[WhiteFideId "1119206"]
[BlackFideId "2056836"]
[WhiteElo "2528"]
[BlackElo "2430"]
[Result "0-1"]
[Round "6"]
[TimeControl "180+1"]
[Date "2023.08.01"]
[WhiteClock "0:00:05"]
[BlackClock "0:00:05"]
[Board "81"]

1. e4 c6 2. d4 d5 3. f3 dxe4 4. fxe4 e5 5. Nf3 Bg4 6. Bc4 Nd7 7. O-O Ngf6 8. c3 Bh5 9. Nbd2 Bd6 10. Kh1 O-O 11. a4 a6 12. a5 Qe7 13. Qc2 Bg6 14. Nh4 b5 15. Bd3 Rae8 16. Nxg6 fxg6 17. Nf3 exd4 18. Bg5 dxc3 19. Qxc3 Ne5 20. Bc2 Rc8 21. Rad1 Bb8 22. Be3 Nc4 23. Bg5 h6 24. Bh4 g5 25. Bf2 Nxe4 26. Qd3 Rcd8 27. Qxe4 Qxe4 28. Bxe4 Rxd1 29. Rxd1 g4 30. Bc5 Rf4 31. Rd8+ Kf7 32. Rd7+ Ke6 33. Re7+ Kf6 34. Ng1 Bd6 35. Re8 Bxc5 36. Nf3 gxf3 37. gxf3 Nd6 38. Ra8 Nxe4 39. fxe4 Rxe4 40. Rxa6 Re6 41. Ra8 Re7 42. a6 Ra7 43. Rc8 Rxa6 44. Kg2 Ke6 45. b4 Bd4 46. Kh3 Bf6 47. Rb8 Kd5 48. Rb7 Ra4 0-1


[Site "https://www.chess.com"]

[Event "Titled Tuesday Blitz August 1 Late 2023"]
[White "Rottenwohrer Suarez, Juan"]
[Black "Reprintsev, Alexander"]
[WhiteFideId "32068182"]
[BlackFideId "14100541"]
[WhiteElo "2515"]
[BlackElo "2430"]
[Result "0-1"]
[Round "6"]
[TimeControl "180+1"]
[Date "2023.08.01"]
[WhiteClock "0:00:00"]
[BlackClock "0:01:23"]
[Board "82"]

1. Nf3 d5 2. e3 Nc6 3. c4 d4 4. b4 dxe3 5. fxe3 Nxb4 6. d4 e6 7. Nc3 Nf6 8. Be2 Be7 9. O-O O-O 10. Ne5 Nc6 11. Nxc6 bxc6 12. Bf3 Bd7 13. e4 Bb4 14. Qc2 e5 15. dxe5 Ng4 16. Bxg4 Bxg4 17. Be3 Be6 18. Na4 Qh4 19. Bf2 Qh5 20. Bg3 Rad8 21. Rad1 Rxd1 22. Rxd1 Bxc4 23. Rd7 Bb5 24. Rxc7 Bxa4 25. Qxa4 Bc5+ 26. Kh1 Qe2 27. h4 Qf1+ 28. Kh2 Qg1+ 29. Kh3 h5 30. Qxc6 Qh1+ 31. Bh2 Bg1 0-1


[Site "https://www.chess.com"]

[Event "Titled Tuesday Blitz August 1 Late 2023"]
[White "Nikolova, Adriana"]
[Black "NigelDwarf"]
[WhiteFideId "2908689"]
[WhiteElo "2423"]
[BlackElo "2514"]
[Result "0-1"]
[Round "6"]
[TimeControl "180+1"]
[Date "2023.08.01"]
[WhiteClock "0:00:07"]
[BlackClock "0:00:11"]
[Board "83"]

1. d4 Nf6 2. Bf4 c5 3. e3 Qb6 4. Nc3 a6 5. Na4 Qa5+ 6. Nc3 Nd5 7. Ne2 Nxf4 8. Nxf4 cxd4 9. exd4 g6 10. Bc4 Bg7 11. O-O O-O 12. Re1 e6 13. d5 b5 14. Bb3 Bb7 15. Ne4 Qb6 16. Re3 e5 17. Nh5 gxh5 18. d6 Qd4 19. Qe2 Bxe4 20. Rd1 Qxe3 21. Qxe3 Bg6 22. Bd5 Nc6 23. c3 Rfd8 24. Qf3 Rac8 25. h4 Re8 26. g4 e4 27. Qf4 hxg4 28. Qxg4 Ne5 29. Qg3 Nf3+ 30. Kf1 Be5 31. Qh3 h5 32. Ke2 Bxd6 33. Qg2 Nxh4 34. Qg5 Be7 35. Qh6 Rc5 36. b3 Rxc3 37. Rd2 Rc5 38. b4 Rxd5 39. Rxd5 Bf8 40. Qg5 Nf3 41. Qf4 Bg7 42. Rxd7 Ne5 43. Rd6 h4 44. Qxh4 Nf3 45. Qg5 Nxg5 46. Rd5 Nf3 47. Rc5 Nd4+ 48. Ke3 f5 49. f4 exf3+ 50. Kf2 Re2+ 51. Kf1 Nc2 52. Rc8+ Kh7 53. Rc3 Ne3+ 54. Rxe3 Rxe3 55. a4 Re2 56. axb5 axb5 57. Kg1 f2+ 58. Kf1 Rc2 59. Kg2 Bf7 60. Kf1 Bc4+ 61. Kg2 f1=Q+ 62. Kg3 Rg2+ 63. Kh4 Qh1# 0-1


[Site "https://www.chess.com"]

[Event "Titled Tuesday Blitz August 1 Late 2023"]
[White "ATM622"]
[Black "i_like_explosions"]
[WhiteElo "2513"]
[BlackElo "2419"]
[Result "0-1"]
[Round "6"]
[TimeControl "180+1"]
[Date "2023.08.01"]
[WhiteClock "0:00:22"]
[BlackClock "0:00:20"]
[Board "84"]

1. d4 Nf6 2. c4 g6 3. g3 Bg7 4. Bg2 d6 5. Nf3 O-O 6. O-O c5 7. Nc3 Nc6 8. d5 Na5 9. Nd2 a6 10. e4 Rb8 11. a4 Ne8 12. f4 e6 13. Re1 exd5 14. Nxd5 Nf6 15. e5 Nxd5 16. cxd5 Bf5 17. Be4 dxe5 18. Bxf5 gxf5 19. fxe5 Qxd5 20. Qh5 Bxe5 21. Nf3 Bg7 22. Bh6 Bxh6 23. Re5 Qd6 24. Rae1 Qg6 25. Qh3 Nc6 26. Rxf5 Rfe8 27. Rf1 Nd4 28. Nh4 Be3+ 29. Kh1 Qc6+ 30. Ng2 Nxf5 31. Qxf5 Qe6 32. Qh5 Qg6 33. Qd5 Rbd8 34. Qxb7 Bd4 35. a5 Re2 36. Qc7 Rde8 37. Qd7 Qe6 38. Qb7 Qe4 39. Qxf7+ Kh8 40. Qf3 Qxf3 41. Rxf3 Rf2 42. Rxf2 Bxf2 43. Nf4 Bd4 44. b3 Rb8 45. Kg2 Rxb3 46. Kh3 Ra3 47. Kg4 Rxa5 48. Kf5 Rb5 49. Ke6 Kg7 50. g4 a5 51. g5 Rb6+ 52. Kd7 a4 53. h4 a3 54. h5 a2 55. h6+ Rxh6 56. gxh6+ Kxh6 57. Ke8 a1=Q 58. Kf7 Qa7+ 59. Ke6 Qb6+ 60. Kd5 Qb7+ 61. Ke6 Qe4+ 0-1


[Site "https://www.chess.com"]